 Dungeon Crawl Stone Soup version 0.24-a0-459-g225fefd530 (webtiles) character file.

Game seed: 16698215796898587435

15 ivs the Insei (level 2, 0/14 HPs)
             Began as a Vine Stalker Transmuter on June 28, 2019.
             Was an Initiate of Makhleb.
             Shot with a stone by a goblin (4 damage)
             ... led by Robin
             ... on level 2 of the Dungeon.
             The game lasted 00:05:57 (396 turns).

ivs the Insei (Vine Stalker Transmuter)              Turns: 396, Time: 00:05:58

Health: 0/14       AC:  2    Str: 12    XL:     2   Next: 50%
Magic:  0/6        EV: 12    Int: 13    God:    Makhleb [......]
Gold:   36         SH:  0    Dex: 14    Spells: 2/5 levels left

rFire    . . .     SeeInvis .     - Unarmed
rCold    . . .     Gourm    .   (no shield)
rNeg     . . .     Faith    .   b - +0 robe
rPois    .         Spirit   +   (no helmet)
rElec    .         Reflect  .   (no cloak)
rCorr    .         Harm     .   (no gloves)
MR       .....                  (no boots)
Stlth    +.........             (no amulet)
HPRegen  0.04/turn              (no ring)
MPRegen  0.10/turn              (no ring)

@: appendage (expiring)
A: fangs 2, horns 2, magic shield, antimagic bite, no potion heal 3, rot
immunity
a: End Transformation, Renounce Religion


You were on level 2 of the Dungeon.
You worshipped Makhleb.
Makhleb was noncommittal.
You were not hungry.
You had grown temporary horns.
You visited 1 branch of the dungeon, and saw 2 of its levels.

You collected 36 gold pieces.

Inventory:

Missiles
 a - 11 arrows
Armour
 b - a +0 robe (worn)
Scrolls
 c - a scroll of magic mapping {unknown}
Comestibles
 d - a ration


   Skills:
 - Level 0.8 Fighting
 - Level 1.5 Dodging
 + Level 3.4 Unarmed Combat
 - Level 2.1 Spellcasting
 + Level 2.5 Transmutations


You had 2 spell levels left.
You knew the following spells:

 Your Spells              Type           Power        Failure   Level  Hunger
a - Beastly Appendage     Tmut           #.....       9%          1    ##.....
s - Sticks to Snakes      Tmut           #.......     13%         2    ###....

Your spell library contained the following spells:

 Spells                   Type           Power        Failure   Level  Hunger
 Spider Form              Tmut/Pois      #.........   41%         3    ####...
 Ice Form                 Ice/Tmut       #.......     83%         4    #####..
 Blade Hands              Tmut           #.........   94%         5    ######.


Dungeon Overview and Level Annotations

Branches:
Dungeon (2/15)

Altars:
Makhleb


Innate Abilities, Weirdness & Mutations

You have extremely sharp teeth.
When hurt, damage is shared between your health and your magic reserves.
Your bite disrupts and absorbs the magic of your enemies.
Potions cannot restore your health.
You are immune to rotting.
You have a pair of horns on your head.


Message History

There is a burning altar of Makhleb here.
You kneel at the altar of Makhleb.
Makhleb welcomes you!
Casting: Beastly Appendage (safe; 9% risk of failure)
Confirm with . or Enter, or press ? or * to list all spells.
You grow a pair of large bovine horns.
You completely miss the goblin. The goblin hits you but does no damage.
The hobgoblin hits you with a +0 club.
You hit the goblin but do no damage. You headbutt the goblin.
You kill the goblin!
Makhleb accepts your kill.
Your transformation is almost over.
You barely miss the hobgoblin. The hobgoblin barely misses you.
You barely miss the hobgoblin. The hobgoblin hits you with a +0 club.
You closely miss the hobgoblin. You punch the hobgoblin.
The hobgoblin is heavily wounded.
The goblin hits you with a +0 club.
* * * LOW HITPOINT WARNING * * *
The goblin shoots a stone.
The stone hits you.
You die...

..#......#...## #.#
...##############.#
##.##.......###...#
##.##.......#≈≈#####
............#≈##⌠#⌠##
............#≈#≈§§≈≈#
............#≈#≈...≈##
..>...†.....#≈#≈g..≈⌠#
............g.g§@_§§#
.####........≈#≈g..§§#
....#......#§≈#§§.§§##
....##.#.###§§#≈≈≈≈≈#
#..........#§§##⌠#⌠##
#####..#...#g≈≈#######
#(.#..g#.###(.##g####gK.
#.........gg.g((.....g..
#.##.#.#####.#.#.####g.


You could see a hobgoblin and 2 goblins.

Vanquished Creatures
  2 giant cockroaches (D:1)
  5 goblins
  A hobgoblin (D:2)
  2 kobolds (D:1)
  A rat (D:1)
11 creatures vanquished.

Vanquished Creatures (collateral kills)
  A worm (D:2)
1 creature vanquished.

Grand Total: 12 creatures vanquished

Notes
Turn   | Place    | Note
-------+----------+-------------------------------------------
     0 | D:1      | ivs the Vine Stalker Transmuter began the quest for the
                  | Orb.
     0 | D:1      | Reached XP level 1. HP: 9/9 MP: 4/4
   188 | D:1      | Reached XP level 2. HP: 10/14 MP: 4/6
   192 | D:1      | Learned a level 2 spell: Sticks to Snakes
   381 | D:2      | Found a burning altar of Makhleb.
   389 | D:2      | Became a worshipper of Makhleb the Destroyer
   396 | D:2      | Shot with a stone by a goblin

Levels and vault maps discovered:
D:1:      psy_arrival_whirlpool, layout_basic, minmay_misc_feat_chi,
          st_stairs_11, hex_large
D:2:      layout_loops_cross, nicolae_ru_great_annihilating_truth,
          lightli_temple_of_fire, first_ration, nemelex_lonely_heart_becter,
          uniq_robin

Action                   || total
-------------------------++-------
Melee: Unarmed           ||    36
       Headbutt          ||     4
       Bite              ||     2
       Punch             ||     1
 Cast: Beastly Appendage ||    10
       Sticks to Snakes  ||     1
Armor: Robe              ||     4
Dodge: Dodged            ||    12

Table legend:
 A = Non-vault XP
 B = Vault XP
 C = Vault XP percentage of total XP
 D = Non-vault monster count
 E = Vault monster count
 F = Vault count percentage of total count
                 A         B        C        D         E       F
            +---------+---------+-------+---------+---------+-------
      Total |      20 |       2 |   9.1 |      11 |       1 |   8.3
            +---------+---------+-------+---------+---------+-------
        D:1 |      13 |       0 |   0.0 |       8 |       0 |   0.0
        D:2 |       7 |       2 |  22.2 |       3 |       1 |  25.0
            +---------+---------+-------+---------+---------+-------
